 Dungeon Crawl Stone Soup version 0.24-a0-441-g27f0392e16 (webtiles) character file.

Game seed: 12109365936912313507

14 Iscandelvey the Vexing (level 2, 7/21 HPs)
             Began as a Demonspawn Arcane Marksman on June 19, 2019.
             Quit the game on level 1 of the Dungeon.
             The game lasted 00:00:15 (239 turns).

Iscandelvey the Vexing (Demonspawn Arcane Marksman)  Turns: 239, Time: 00:00:16

Health: 7/21       AC:  2    Str: 10    XL:     2   Next: 31%
Magic:  3/3        EV: 12    Int: 14    God:
Gold:   34         SH:  0    Dex: 13    Spells: 2/3 levels left

rFire    . . .     SeeInvis .   a - +0 hunting sling
rCold    . . .     Gourm    .   (no shield)
rNeg     . . .     Faith    .   e - +0 robe
rPois    .         Spirit   .   (helmet restricted)
rElec    .         Reflect  .   (no cloak)
rCorr    .         Harm     .   (no gloves)
MR       .....                  (no boots)
Stlth    +.........             (no amulet)
HPRegen  0.07/turn              (no ring)
MPRegen  0.08/turn              (no ring)

@: no status effects
A: horns 1
a: no special abilities


You were on level 1 of the Dungeon.
You were not hungry.

You visited 1 branch of the dungeon, and saw 1 of its levels.

You collected 34 gold pieces.

Inventory:

Hand Weapons
 a - a +0 hunting sling (weapon)
Missiles
 b - 12 stones (quivered)
Armour
 e - a +0 robe (worn)
Scrolls
 h - a scroll of random uselessness {unknown}
Potions
 c - a potion of lignification {unknown}
 g - a potion of magic {unknown}
Comestibles
 f - a ration


   Skills:
 + Level 1.0 Fighting
 + Level 2.3 Slings
 + Level 1.7 Dodging
 + Level 1.0 Spellcasting
 + Level 3.3 Hexes


You had 2 spell levels left.
You knew the following spells:

 Your Spells              Type           Power        Failure   Level  Hunger
a - Corona                Hex            ##.....      7%          1    ##.....

Your spell library contained the following spells:

 Spells                   Type           Power        Failure   Level  Hunger
 Slow                     Hex            ##......     10%         2    ###....
 Inner Flame              Hex/Fire       #.......     36%         3    ####...
 Portal Projectile        Hex/Tloc       #.....       36%         3    ####...
 Cause Fear               Hex            ##........   54%         4    #####..
 Leda's Liquefaction      Hex/Erth       #.........   78%         4    #####..


Dungeon Overview and Level Annotations

Branches:
Dungeon (1/15)

Altars:


Innate Abilities, Weirdness & Mutations

You have a pair of small horns on your head.


Message History

Aim: a jackal (moderately wounded)
You shoot a stone. The stone hits the jackal.
The jackal is severely wounded.
The jackal barely misses you. The jackal closely misses you.
Firing (i - inventory)
b - 14 stones (quivered)
Press: ? - help, Shift-Dir - straight line, f/p - jackal
Aim: a jackal (severely wounded)
You shoot a stone. The stone hits the jackal.
The jackal is almost dead.
The jackal closely misses you.
Firing (i - inventory)
b - 13 stones (quivered)
Press: ? - help, Shift-Dir - straight line, f/p - jackal
Aim: a jackal (almost dead)
You shoot a stone. The stone hits the jackal.
You kill the jackal!
Firing (i - inventory)
b - 12 stones (quivered)
Press: ? - help, Shift-Dir - straight line, f - you Really target yourself?
Okay, then.
Are you sure you want to abandon this character and quit the game? (Confirm with "yes".)

.#.#.#.#.#.#.#.#..#
...............##.##
#.#.#.#.#.#.#.#.#..#
.......^........##.#
.#.#.#.#.#.#.#.#.#.#
.................#.##
#.#.#.#.#.#.#.#.#...#
...............(..#.#
.#.#.#.#.#.#.#.#@.#.#
........ ...(..(#.#.#
#.#.#.#. .#.#.#(#.#.#
....... .. (##.#.#
.#.#.#. #.# #( #.#.#
....... . .# #.#.#
#.#.#.#. #. #.#.#
....... .# $#.#
.#.#.#. #.#


There were no monsters in sight!

Vanquished Creatures
  A dart slug (D:1)
  A giant cockroach (D:1)
  A hobgoblin (D:1)
  5 jackals (D:1)
  3 rats (D:1)
11 creatures vanquished.

Notes
Turn   | Place    | Note
-------+----------+-------------------------------------------
     0 | D:1      | Iscandelvey the Demonspawn Arcane Marksman began the quest
                  | for the Orb.
     0 | D:1      | Reached XP level 1. HP: 15/15 MP: 2/2
   198 | D:1      | Gained mutation: You have a pair of small horns on your
                  | head. [demonic ancestry]
   198 | D:1      | Reached XP level 2. HP: 21/21 MP: 3/3
   239 | D:1      | Quit the game

Levels and vault maps discovered:
D:1:      evilmike_arrival_rings, layout_loops_ring, serial_rivers,
          chequers_serial_rivers_micro_c, chequers_serial_rivers_room_a,
          chequers_serial_rivers_room_b, chequers_serial_rivers_room_a,
          chequers_serial_rivers_micro_a, hex_large

Skill      XL: |  1 |
---------------+----+-----
Slings         | 2 |  2.3
Fighting       | |  1.0
Dodging        | |  1.7
Spellcasting   | |  1.0
Hexes          | |  3.3

Action                   || total
-------------------------++-------
 Fire: Hunting sling     ||    43
Armor: Robe              ||     3
Dodge: Dodged            ||    19

Table legend:
 A = Non-vault XP
 B = Vault XP
 C = Vault XP percentage of total XP
 D = Non-vault monster count
 E = Vault monster count
 F = Vault count percentage of total count
                 A         B        C        D         E       F
            +---------+---------+-------+---------+---------+-------
      Total |      21 |       0 |   0.0 |      11 |       0 |   0.0
            +---------+---------+-------+---------+---------+-------
        D:1 |      21 |       0 |   0.0 |      11 |       0 |   0.0
            +---------+---------+-------+---------+---------+-------
